 Dungeon Crawl Stone Soup version 0.28-a0-1629-gf728b707aa (webtiles) character file.

Game seed: 9139847750347274334

127 HallandMoats the Vandal (level 5, -2/45 HPs)
             Began as a Ghoul Hunter on Jan 24, 2022.
             Was a Follower of Okawaru.
             Slain by a gnoll (7 damage)
             ... on level 3 of the Dungeon.
             The game lasted 00:03:20 (2778 turns).

HallandMoats the Vandal (Ghoul Hunter)              Turns: 2778, Time: 00:03:21

Health: -2/45      AC:  6    Str: 16    XL:     5   Next: 11%
Magic:  2/4        EV: 10    Int:  6    God:    Okawaru [*.....]
Gold:   85         SH:  0    Dex: 11    Spells: 4/4 levels left

rFire   . . .      SeeInvis .   b - +0 dagger (venom)
rCold   + . .      Faith    .   (no shield)
rNeg    + + +      Spirit   .   d - +0 scale mail
rPois   ∞          Reflect  .   (no helmet)
rElec   .          Harm     .   (no cloak)
rCorr   .          Rampage  .   (no gloves)
Will    .....                   (no boots)
Stlth   ..........              (no amulet)
HPRegen 0.00/turn               (no ring)
MPRegen 0.09/turn               (no ring)

@: inhibited regen
A: claws 1, cold resistance 1, negative energy resistance 3, inhibited
regeneration, torment resistance 2
a: Renounce Religion, Heroism


You were on level 3 of the Dungeon.
You worshipped Okawaru.
Okawaru was aware of your devotion.
You visited 1 branch of the dungeon, and saw 3 of its levels.

You collected 85 gold pieces.

Inventory:

Hand Weapons
 a - a +1 hunting sling
 b - a +0 dagger of venom (weapon)
Missiles
 c - 6 sling bullets
 e - 19 stones (quivered)
Armour
 d - a +0 scale mail (worn)
Jewellery
 i - an amulet of magic regeneration
Scrolls
 f - 2 scrolls of identify {unknown}
 g - a scroll of amnesia {unknown}
 h - a scroll of fog {unknown}
 j - a scroll of immolation {unknown}
Potions
 k - a potion of mutation {unknown}
 l - a potion of heal wounds {unknown}


   Skills:
 + Level 3.0 Fighting
 * Level 4.4 Slings
 + Level 1.6 Armour
 + Level 2.5 Dodging
 - Level 1.1 Stealth
 + Level 1.1 Invocations


You had 4 spell levels left.
You didn't know any spells.
Your spell library was empty.

Dungeon Overview and Level Annotations

Branches:
Dungeon (3/15)

Altars:
Okawaru


Innate Abilities, Weirdness & Mutations

You thrive by killing the living.
You are immune to poison.
You have sharp fingernails.
Your flesh is cold resistant. (rC+)
You are immune to negative energy. (rN+++)
You do not regenerate when monsters are visible.
You are immune to unholy pain and torment.


Message History

Okawaru accepts your kill.
You have reached level 5!
You feel stronger.
You hit the gnoll.
The gnoll is poisoned.
The gnoll is almost dead.
You kill the gnoll!
Okawaru accepts your kill.
You feel better. The gnoll hits you with a +0 whip.
* * * LOW HITPOINT WARNING * * *
Items here: ( )) ††.
You hit the gnoll but do no damage.
The gnoll is poisoned.
The gnoll closely misses you.
You hit the gnoll.
The gnoll looks as sick as possible!
The gnoll is lightly wounded.
The gnoll closely misses you.
You barely miss the gnoll.
The gnoll is moderately wounded.
You hit the gnoll but do no damage. You hit the gnoll but do no damage.
The gnoll is poisoned.
The gnoll barely misses you.
You hit the gnoll but do no damage. You hit the gnoll.
The gnoll looks as sick as possible!
The gnoll is moderately wounded.
The gnoll hits you with a +0 flail.
* * * LOW HITPOINT WARNING * * *
You hit the gnoll but do no damage.
The gnoll looks as sick as possible!
The gnoll is moderately wounded.
The gnoll completely misses you.
You barely miss the gnoll.
The gnoll is moderately wounded.
You feel like a meek peon again.
You barely miss the gnoll.
The gnoll is moderately wounded.
The gnoll hits you with a +0 flail.
* * * LOW HITPOINT WARNING * * *
You hit the gnoll but do no damage.
The gnoll looks as sick as possible!
The gnoll is heavily wounded.
The gnoll hits you with a +0 flail!
You die...

#. .......# .##...... ...(....
..(... #.(.. #.# .g. #.# #.#
#g# #.# ######.### #@# #.# #..
....# ##'## #.# #.# #.#.#
##...## #.# #.####.#.#
##.....## ####.# .........#
##.......## ##.##.#
#........###.........####..>#.#
...........'....)....'........#
###.#...####........†####...#.#
# #.##..# ##.......## ##.##.#


You could see 2 gnolls.

Vanquished Creatures
  Terence (D:2)
  2 gnolls (D:3)
  2 adders (D:2)
  A worm (D:2)
  A dart slug (D:2)
  7 bats
  5 endoplasms
  5 giant cockroaches
  5 goblins
  A hobgoblin (D:1)
  8 jackals
  2 quokkas
  6 ball pythons
  3 frilled lizards
  7 kobolds
  3 rats
59 creatures vanquished.

Notes
Turn   | Place    | Note
-------+----------+-------------------------------------------
     0 | D:1      | HallandMoats the Ghoul Hunter began the quest for the Orb.
     0 | D:1      | Reached XP level 1. HP: 17/17 MP: 0/0
   123 | D:1      | Reached XP level 2. HP: 25/25 MP: 1/1
   434 | D:1      | Reached skill level 4 in Slings
   434 | D:1      | Reached XP level 3. HP: 20/30 MP: 2/2
   618 | D:1      | Found a faded altar of an unknown god.
   717 | D:1      | Prayed at the altar of an unknown god.
   717 | D:1      | Became a worshipper of Warmaster Okawaru
   717 | D:1      | Reached * piety under Okawaru
  1017 | D:1      | Reached skill level 1 in Armour
  1199 | D:2      | Reached XP level 4. HP: 37/37 MP: 3/3
  1323 | D:2      | Noticed Terence
  1368 | D:2      | HP: 1/37 [Terence (5)]
  1850 | D:2      | Killed Terence
  2099 | D:2      | Reached skill level 1 in Invocations
  2766 | D:3      | Reached XP level 5. HP: 14/45 MP: 1/4
  2778 | D:3      | Slain by a gnoll

Illustrated notes

Levels and vault maps discovered:
D:1:      amcnicky_arrival_feature_with_door, layout_basic,
          nicolae_ecumenical_lake_church
D:2:      layout_loops_ring, nrook_mini_vaults, hex_medium, uniq_terence
D:3:      layout_loops_corners, dk_noncrumbling_3

Skill      XL: |  1  2  3  4 |
---------------+-------------+-----
Dodging        | 2 |  2.5
Slings         | 4 |  4.4
Armour         | 1 |  1.6
Invocations    | 1 |  1.1
Fighting       | 3 |  3.0
Stealth        | |  1.1

Action                   |  1- 3 |  4- 6 || total
-------------------------+-------+-------++-------
Melee: Short sword       |       |    21 ||    21
       Dagger            |       |    15 ||    15
 Fire: Hunting sling     |    88 |    79 ||   167
Invok: Heroism           |       |     3 ||     3
  Use: Scroll            |       |     2 ||     2
Armor: Leather armour    |    10 |     4 ||    14
       Scale mail        |       |    17 ||    17
Dodge: Dodged            |    29 |    28 ||    57

Table legend: (Time is in decaauts)
 A = Elapsed time spent in this place.
 B = Non-inter-level travel time spent in this place.
 C = Inter-level travel time spent in this place.
 D = Time resting spent in this place.
 E = Time spent auto-exploring this place.
 F = Levels seen in this place.
 G = Mean time per level.
                   A        B        C        D        E       F      G
               +--------+--------+--------+--------+--------+-----+--------+
         Total |   2770 |   2638 |    132 |    389 |   1815 |   3 |  923.3 |
       Dungeon |   2770 |   2638 |    132 |    389 |   1815 |   3 |  923.3 |
               +--------+--------+--------+--------+--------+-----+--------+

Top non-repeatable levels by time:
     D:1: 1539 daAuts
     D:2: 1057 daAuts
     D:3: 173 daAuts
